 Dungeon Crawl Stone Soup version 0.30.1 (webtiles) character file.

Game seed: 719567148080452517

42 DemonSlayer the Digger (level 3, 0/24 HPs)
             Began as a Demonspawn Earth Elementalist on July 9, 2023.
             Succumbed to a kobold's poison
             ... on level 1 of the Dungeon.
             The game lasted 00:02:32 (1377 turns).

DemonSlayer the Digger (DsEE)                       Turns: 1377, Time: 00:02:33

Health: 0/24       AC:  2    Str:  8    XL:     3   Next: 33%
Magic:  0/7        EV: 12    Int: 16    God:
Gold:   33         SH:  0    Dex: 15    Spells: 1/7 levels left

rFire   . . .        h - +0 dagger
rCold   . . .        (no shield)
rNeg    . . .        a - +0 robe
rPois   .            (no helmet)
rElec   .            (no cloak)
rCorr   .            (no gloves)
SInv    .            (no boots)
Will    .....        (no amulet)
Stlth   ++           (no ring)
HPRegen 0.24/turn    (no ring)
MPRegen 0.10/turn

%: no passive effects
@: lethally poisoned (0 -> -15)
A: claws 1
a: no special abilities


You were on level 1 of the Dungeon.
You visited 1 branch of the dungeon, and saw 2 of its levels.

You collected 33 gold pieces.

Inventory:

Hand Weapons
 h - a +0 dagger (weapon)
Armour
 a - a +0 robe (worn)
Scrolls
 c - 2 scrolls of enchant weapon {unknown}
 e - 3 scrolls of fog {unknown}
 f - a scroll of teleportation {unknown}
 g - a scroll of silence {unknown}
Potions
 b - a potion of curing {unknown}
 d - 3 potions of might {unknown}
 i - a potion of haste {unknown}


   Skills:
 + Level 1.8 Dodging
 + Level 2.2 Stealth
 + Level 2.8 Spellcasting
 + Level 0.8 Transmutations
 + Level 3.2 Earth Magic


You had one spell level left.
You knew the following spells:

 Your Spells              Type           Power      Damage    Failure   Level
a - Sandblast             Erth           24%        2d8       4%          1
b - Passwall              Tmut/Erth      6%         N/A       13%         2
c - Stone Arrow           Conj/Erth      14%        3d7       30%         3

Your spell library contained the following spells:

 Spells                   Type           Power      Damage    Failure   Level
 Petrify                  Tmut/Erth      8%         N/A       63%         4


Dungeon Overview and Level Annotations

Branches:
Dungeon (2/15)

Altars:


Innate Abilities, Weirdness & Mutations

You have sharp fingernails.


Message History

The gnoll barely misses you. The gnoll hits you with a +0 flail!
Ouch! That really hurt!
You are too injured to fight recklessly!
You are too injured to fight recklessly!
You are too injured to fight recklessly!
You are too injured to fight recklessly!
Casting: Sandblast (safe; 5% risk of failure)
Confirm with . or Enter, or press ? or * to list all spells.
Aiming: Sandblast (safe; 5% risk of failure)
Press: ? - help, Shift-Dir - straight line, f/p - gnoll
Aim: a gnoll, wielding a +0 flail (severely wounded, 84% to hit)
The blast of sand hits the gnoll.
You kill the gnoll!
Unknown command.
Unknown command.
Casting: Sandblast (safe; 4% risk of failure)
Confirm with . or Enter, or press ? or * to list all spells.
Aiming: Sandblast (safe; 4% risk of failure)
Press: ? - help, Shift-Dir - straight line, f - kobold
Aim: a kobold, wielding a +0 dagger of venom (77% to hit)
The blast of sand misses the kobold.
The kobold hits you with a +0 dagger of venom.
The kobold barely misses you. The kobold barely misses you.
You climb upwards.
There is a stone staircase leading down here.
You hit the kobold.
The kobold is moderately wounded.
The kobold hits you with a +0 dagger of venom.
You are lethally poisoned!
You hit the kobold.
The kobold is severely wounded.
* * * LOW HITPOINT WARNING * * *
You feel very sick.
The kobold hits you with a +0 dagger of venom.
* * * LOW HITPOINT WARNING * * *
You are more poisoned.
You hit the kobold but do no damage.
The kobold is severely wounded.
You die...

#####..#.#######........#######
....#....รท..............#
........................### #####
######....................###....
.........#######..........#....#.
#######......###'##...#...#....#.
#.### ##..##.##...#...#...#....#.
#...# ##.......K.#...#...#....#.
#.#.# ##......@[#...#####....#.
#.#.# #.#.##...#...#####....##
#.#.# #.#......#......##......
#.#.######.###....#...##.##....##
..#.#......# #....#...##.##....#
###.#.####.# #....###.##.########
....#.# #.# #....# #.##.....# #
#####.# ### #....# #.######.####
..# #.# #.#### #.# #....#


You could see a kobold.

Vanquished Creatures
  A gnoll (D:2)
  2 dart slugs (D:1)
  5 ball pythons (D:1)
  A bat (D:1)
  A giant cockroach (D:1)
  4 goblins
  4 hobgoblins (D:1)
  A quokka (D:1)
  4 frilled lizards (D:1)
  3 kobolds (D:1)
  A rat (D:1)
27 creatures vanquished.

Notes
Turn   | Place    | Note
-------+----------+-------------------------------------------
     0 | D:1      | DemonSlayer the Demonspawn Earth Elementalist began the
                  | quest for the Orb.
     0 | D:1      | Reached XP level 1. HP: 13/13 MP: 3/3
   154 | D:1      | Reached skill level 3 in Earth Magic
   154 | D:1      | Gained mutation: You have sharp fingernails. [demonic
                  | ancestry]
   154 | D:1      | Reached XP level 2. HP: 19/19 MP: 1/5
   523 | D:1      | Found a faded altar of an unknown god.
   843 | D:1      | Reached XP level 3. HP: 24/24 MP: 4/6
  1248 | D:1      | Learned a level 2 spell: Passwall
  1252 | D:1      | Learned a level 3 spell: Stone Arrow
  1377 | D:1      | Succumbed to a kobold's poison

Illustrated notes

Levels and vault maps discovered:
D:1:      noname_arrival_rooms_in_the_neighbourhood, layout_basic,
          chequers_ecumenical_altar_simple
D:2:      layout_loops_ring, basic_altar, hangedman_glass_teeth,
          due_unseen_surprise

Skill      XL: |  1 |
---------------+----+-----
Stealth        | 2 |  2.2
Earth Magic    | 3 |  3.2
Dodging        | |  1.8
Spellcasting   | |  2.8
Transmutations | |  0.8

Action                     || total
---------------------------++-------
  Melee: Dagger            ||     5
   Cast: Sandblast         ||    39
    Use: Potion            ||     1
   Stab: Sleeping          ||     2
 Armour: Robe              ||     1
  Dodge: Dodged            ||    13
